General information
- name: Local Game (PIESOFTHENORTH)
- type: Custom game
- host: PIESOFTHENORTH
- saver: PIESOFTHENORTH
map: TurtleRock
- players: 4
- length: 17:06
- speed: Fast
- version: 1.26 W3XP
- replay type: Public
» download(112 KB)
Players
team 1 (winner)

»
PIESOFTHENORTH (
red | 77 APM | 1310 actions | 17:06)
4 Mountain King
2 Storm Bolt
2 Bash
4 Paladin
2 Holy Light
2 Divine Shield
1 Blood Mage
1 Banish
» actions
| Assign group hotkey | 21 | |
| Basic commands | 42 | |
| Build / train | 62 | |
| Enter build submenu | 29 | |
| Enter hero's abilities submenu | 9 | |
| Give item / drop item | 2 | |
| Right click | 512 | |
| Select / deselect | 304 | |
| Select group hotkey | 267 | |
| Use ability | 62 | |
1310 total
» units
| Peasant | 11 | |
| Footman | 6 | |
| Mortar Team | 1 | |
| Siege Engine | 4 | |
22 total
» upgrades
| Masonry | 3 | |
| Gunpowder | 2 | |
| Barrage | 1 | |
| Lumber Harvesting | 1 | |
7 total
» buildings
| Altar of Kings | 1 | |
| Barracks | 1 | |
| Farm | 9 | |
| Scout Tower | 8 | |
| Arcane Tower | 1 | |
| Arcane Vault | 1 | |
| Lumber Mill | 1 | |
| Keep | 1 | |
| Guard Tower | 5 | |
| Blacksmith | 2 | |
| Workshop | 2 | |
| Castle | 1 | |
| Town Hall | 1 | |
34 total
» build order
00:06 Altar of Kings
00:08 Barracks
00:11 Farm
01:06 Scout Tower
01:50 Farm
01:52 Farm
02:26 Arcane Tower
02:41 Arcane Vault
02:46 Lumber Mill
04:08 Farm
04:10 Farm
05:14 Keep
05:18 Scout Tower
05:43 Scout Tower
06:00 Guard Tower
06:35 Guard Tower
06:46 Blacksmith
07:49 Blacksmith
07:52 Farm
07:53 Farm
08:53 Workshop
08:56 Workshop
10:09 Castle
11:42 Scout Tower
11:44 Scout Tower
12:21 Guard Tower
12:26 Town Hall
12:57 Scout Tower
13:01 Farm
13:03 Farm
13:26 Guard Tower
13:28 Scout Tower
13:31 Scout Tower
14:08 Guard Tower
» items
| Scroll of Regeneration | 2 | |
| Mechanical Critter | 2 | |
| Potion of Healing | 6 | |
| Lesser Clarity Potion | 1 | |
| Staff of Sanctuary | 1 | |
| Orb of Fire | 1 | |
13 total

»
DirkAction (
teal | 24 APM | 413 actions | 17:05)
» actions
| Basic commands | 5 | |
| Build / train | 51 | |
| Enter build submenu | 21 | |
| Remove unit from queue | 3 | |
| Right click | 140 | |
| Select / deselect | 175 | |
| Use ability | 18 | |
413 total
» units
| Peon | 10 | |
| Grunt | 17 | |
| Troll Headhunter/Berserker | 8 | |
35 total
» upgrades
| Melee Weapons | 1 | |
| Spiked Barricades | 1 | |
| Pillage | 1 | |
| Armor | 1 | |
| Ranged Weapons | 1 | |
| Berserker Strength | 1 | |
| Troll Regeneration | 1 | |
7 total
» buildings
| Barracks | 2 | |
| War Mill | 1 | |
| Orc Burrow | 7 | |
| Altar of Storms | 1 | |
| Watch Tower | 2 | |
| Voodoo Lounge | 1 | |
| Stronghold | 1 | |
15 total
» build order
00:28 Barracks
00:41 War Mill
01:09 Orc Burrow
01:44 Altar of Storms
03:27 Watch Tower
03:35 Watch Tower
04:09 Voodoo Lounge
04:34 Orc Burrow
05:05 Orc Burrow
05:14 Orc Burrow
05:21 Orc Burrow
05:51 Orc Burrow
06:18 Orc Burrow
07:36 Barracks
12:55 Stronghold
» items
| Healing Salve | 3 | |
| Scroll of Speed | 1 | |
4 total
team 2 (loser)

»
DJOrwell (
blue | 43 APM | 707 actions | 16:16)
3 Death Knight
1 Death Coil
2 Unholy Aura
» actions
| Assign group hotkey | 17 | |
| Build / train | 54 | |
| Enter build submenu | 19 | |
| Enter hero's abilities submenu | 3 | |
| Remove unit from queue | 5 | |
| Right click | 372 | |
| Select / deselect | 162 | |
| Select group hotkey | 44 | |
| Use ability | 31 | |
707 total
» units
| Acolyte | 3 | |
| Ghoul | 6 | |
| Crypt Fiend | 3 | |
| Gargoyle | 7 | |
| Necromancer | 2 | |
21 total
» upgrades
| Cannibalize | 1 | |
| Burrow | 1 | |
| Web | 1 | |
| Unholy Strength | 2 | |
| Unholy Armor | 2 | |
| Creature Attack | 2 | |
| Creature Carapace | 2 | |
| Necromancer Training | 1 | |
12 total
» buildings
| Crypt | 1 | |
| Ziggurat | 7 | |
| Altar of Darkness | 1 | |
| Tomb of Relics | 1 | |
| Graveyard | 1 | |
| Spirit Tower | 7 | |
| Halls of the Dead | 1 | |
| Temple of the Damned | 1 | |
| Black Citadel | 1 | |
21 total
» build order
00:33 Crypt
00:37 Ziggurat
00:44 Altar of Darkness
01:08 Ziggurat
01:23 Tomb of Relics
01:44 Graveyard
02:51 Ziggurat
03:17 Spirit Tower
03:18 Spirit Tower
03:49 Spirit Tower
04:11 Ziggurat
04:56 Halls of the Dead
07:12 Spirit Tower
07:16 Ziggurat
08:18 Spirit Tower
10:26 Ziggurat
10:29 Ziggurat
13:09 Temple of the Damned
13:40 Black Citadel
13:49 Spirit Tower
14:44 Spirit Tower
» items
| Potion of Healing | 2 | |
| Potion of Mana | 1 | |
3 total

»
HAL9001 (
light-blue | 55 APM | 945 actions | 17:05)
3 Warden
2 Shadow Strike
1 Fan of Knives
» actions
| Basic commands | 2 | |
| Build / train | 34 | |
| Enter build submenu | 16 | |
| Enter hero's abilities submenu | 3 | |
| Right click | 591 | |
| Select / deselect | 249 | |
| Use ability | 49 | |
945 total
» units
» buildings
| Altar of Elders | 1 | |
| Ancient of War | 2 | |
| Moon Well | 3 | |
| Tree of Ages | 1 | |
| Hunter's Hall | 1 | |
| Ancient Protector | 2 | |
| Tree of Eternity | 1 | |
11 total
» build order
00:11 Altar of Elders
00:35 Ancient of War
01:01 Moon Well
05:32 Moon Well
05:41 Ancient of War
09:22 Tree of Ages
09:27 Hunter's Hall
09:37 Moon Well
10:37 Ancient Protector
10:56 Ancient Protector
12:54 Tree of Eternity
Chat log
(00:24 / All) PIESOFTHENORTH: Yeah I guess that pink box just means that something didn't load properly when I started war3
(00:25 / All) PIESOFTHENORTH: oh well
(00:49 / All) DJOrwell: tell us more about your problems
(00:57 / All) PIESOFTHENORTH: i never asked for these pink boxes.
(01:00 / Allies) DirkAction: A bitch ain't one
(02:15 / All) PIESOFTHENORTH: FARM HARASS
(02:56 / All) PIESOFTHENORTH: GENERAL PURPOSE HARASS
(03:40 / All) PIESOFTHENORTH: COULDA WORKED BETTER I GUESS
(03:57 / All) PIESOFTHENORTH: omg guise we have all races in this game that so coooooool omg
(05:00 / All) DJOrwell: are there no creeps on this map
(05:02 / All) DJOrwell: like at all
(05:05 / All) DJOrwell: besides gold mine creeps
(05:09 / All) PIESOFTHENORTH: wat u alkinj bout lol
(05:15 / All) DJOrwell: i don't see creep symbols
(05:26 / All) PIESOFTHENORTH: Sure oyu don't have it turned off for soome reason?
(05:37 / All) DJOrwell: oh i did
(05:39 / All) DJOrwell: how about that
(05:52 / All) PIESOFTHENORTH: Some custom maps force them to disable
(06:04 / All) PIESOFTHENORTH: happened to me too this game lol
(08:38 / All) DJOrwell: HELP
(09:17 / All) DJOrwell: pussy biiiiiiitch
(09:31 / All) PIESOFTHENORTH: 0-4-0 rofl lol
(09:43 / All) DJOrwell: what does 0-4-0 mean
(09:51 / All) PIESOFTHENORTH: That's your starcraft stats yesterday LOL
(09:58 / All) DJOrwell: OH FUCK YOU BITCH
(10:06 / All) DJOrwell: IT'S ON NOW
(10:15 / All) PIESOFTHENORTH: I'd hope so after that display
(11:23 / All) DJOrwell: COME NOW
(12:08 / All) DJOrwell: shitting fuck
(13:40 / Allies) PIESOFTHENORTH: makin tanks
(13:55 / Allies) DirkAction: I have no idea what that means :(
(14:05 / Allies) PIESOFTHENORTH: i'm making things that are good against gargolyes and buildings
(14:18 / Allies) PIESOFTHENORTH: that's what it mean
(14:28 / Allies) PIESOFTHENORTH: can you pass me some extra olumber
(14:39 / Allies) PIESOFTHENORTH: because i know you have lots
(15:04 / Allies) PIESOFTHENORTH: reall yman
(15:05 / Allies) PIESOFTHENORTH: i need i
(15:43 / All) DJOrwell: WHAT THE FUCK
(16:00 / All) DJOrwell: my army is crapped out and there's siege on the way to my town
(16:11 / All) DJOrwell: GG
(16:20 / All) PIESOFTHENORTH: what a shame
(16:26 / All) HAL9001: yeah, well I suck at this race
(16:34 / All) PIESOFTHENORTH: Pretty awful with this one too
(16:39 / All) PIESOFTHENORTH: best with ud
(16:42 / All) PIESOFTHENORTH: i'd say
(16:50 / All) HAL9001: I literally do not know what to do with this race at all
(16:55 / All) PIESOFTHENORTH: oh
(16:59 / All) HAL9001: yeah so gg